 Dungeon Crawl Stone Soup version 0.25-a0-474-ga8a2ee3166 (webtiles) character file.

Game seed: 2225541841370487103, levelgen mode: deterministic

102 ddbb00 the Ducker (level 4, -1/44 HPs)
             Began as a Troll Berserker on Feb 6, 2020.
             Was a Believer of Trog.
             Slain by Robin
             ... wielding a +0 spear
              (6 damage)
             ... on level 2 of the Dungeon.
             The game lasted 00:11:55 (1498 turns).

ddbb00 the Ducker (Troll Berserker)                 Turns: 1498, Time: 00:11:56

Health: -1/44      AC:  6    Str: 26    XL:     4   Next: 50%
Magic:  3/3        EV: 10    Int:  3    God:    Trog [**....]
Gold:   116        SH:  0    Dex:  9    Spells: 3/3 levels left

rFire    . . .     SeeInvis .   a - +0 spear
rCold    . . .     Gourm    +   (no shield)
rNeg     . . .     Faith    .   b - +0 animal skin
rPois    .         Spirit   .   (helmet restricted)
rElec    .         Reflect  .   (no cloak)
rCorr    .         Harm     .   (gloves unavailable)
MR       .....                  (boots unavailable)
Stlth    +.........             (no amulet)
HPRegen  0.54/turn              (no ring)
MPRegen  0.08/turn              (no ring)

@: berserk cooldown, slowed, very slow
A: large, unfitting armour, claws 3, fast metabolism 3, gourmand, regeneration
1, shaggy fur 1, tough skin 3
a: Berserk, Trog's Hand, Renounce Religion


You were on level 2 of the Dungeon.
You worshipped Trog.
Trog was pleased with you.
You were very full.

You visited 1 branch of the dungeon, and saw 2 of its levels.

You collected 116 gold pieces.

Inventory:

Hand Weapons
 a - a +0 spear (weapon)
Armour
 b - a +0 animal skin (worn)
 j - a +0 scale mail
Jewellery
 h - an uncursed amulet of the acrobat {unknown}
Scrolls
 i - 2 scrolls of identify
 m - a scroll of amnesia {unknown}
 n - 2 scrolls of remove curse {unknown}
 o - a scroll of enchant weapon {unknown}
 p - a scroll of magic mapping {unknown}
Potions
 e - a potion of mutation {unknown}
 g - a potion of lignification {unknown}
 k - a potion of might {unknown}
 l - a potion of resistance {unknown}
Comestibles
 c - 4 rations
 f - a chunk of flesh


   Skills:
 + Level 2.9 Fighting
 + Level 3.3 Polearms
 + Level 3.3 Dodging


You had 3 spell levels left.
You didn't know any spells.
Your spell library was empty.

Dungeon Overview and Level Annotations

Branches:
Dungeon (2/15)

Altars:

Annotations:
D:2 Robin


Innate Abilities, Weirdness & Mutations

You are too large for most types of armour.
You have claws for hands.
Your metabolism is lightning-fast.
You like to eat raw meat.
Your natural rate of healing is unusually fast.
You are covered in fur. (AC +1)
You have extremely tough skin. (AC +3)


Message History

Robin barely misses you.
You barely miss the goblin.
The goblin is heavily wounded.
Robin barely misses you. The goblin hits you but does no damage.
You closely miss the goblin.
The goblin is heavily wounded.
Robin barely misses you. The goblin hits you but does no damage.
Robin hits you from afar with a +0 spear.
* * * LOW HITPOINT WARNING * * *
You closely miss the goblin.
The goblin is heavily wounded.
The goblin closely misses you.
Robin hits you from afar with a +0 spear.
* * * LOW HITPOINT WARNING * * *
The goblin hits you with a +0 club.
* * * LOW HITPOINT WARNING * * *
You barely miss the goblin.
The goblin is heavily wounded.
Robin hits you from afar with a +0 spear.
You die...

#.# #.# ####.####.# #
#......##.## #.
#.##.#.#...############
##.##.##.#......#.........#
#........#........#######.#
#........####.##### #.#
#.###.#.## #g# #.# # #†#.# #@#
#.# #. #.#.# #)# #.# #.###.#.#
#.)g# #.# #.......# #(....#
###.# ###.#.####.......# ##.#.#
##....###.........####....####
##.................'...........
##.#....###.........####....####
#.......# #........## ##.#.#


You could see Robin and a goblin.

Vanquished Creatures
  A centaur skeleton (D:2)
  An ooze (D:2)
  2 worms (D:2)
  A dart slug (D:2)
  A ball python (D:2)
  3 giant cockroaches
  14 goblins
  9 hobgoblins
  4 jackals (D:1)
  4 kobolds
  A quokka (D:2)
  5 bats
  2 frilled lizards (D:1)
  8 rats
56 creatures vanquished.

Notes
Turn   | Place    | Note
-------+----------+-------------------------------------------
     0 | D:1      | ddbb00 the Troll Berserker began the quest for the Orb.
     0 | D:1      | Reached XP level 1. HP: 22/22 MP: 0/0
   181 | D:1      | Reached XP level 2. HP: 29/29 MP: 1/1
   635 | D:1      | Reached ** piety under Trog
   639 | D:1      | Reached XP level 3. HP: 36/36 MP: 2/2
  1042 | D:2      | Found a faded altar of an unknown god.
  1095 | D:2      | Reached XP level 4. HP: 42/44 MP: 3/3
  1466 | D:2      | Noticed Robin
  1498 | D:2      | Slain by Robin

Levels and vault maps discovered:
D:1:      tarquinn_simple_flora_water_f, layout_loops_ring, feat_on_display
D:2:      layout_loops_corners, chequers_ecumenical_altar_island, first_ration,
          nrook_mini_vaults, minmay_tromino_i2, uniq_robin

Skill      XL: |  1  2  3 |
---------------+----------+-----
Dodging        | 3 |  3.3
Polearms       | 3 |  3.3
Fighting       | |  2.9

Action                   |  1- 3 |  4- 6 || total
-------------------------+-------+-------++-------
Melee: Spear             |   139 |    71 ||   210
Invok: Berserk           |       |     1 ||     1
  Use: Scroll            |     1 |       ||     1
       Potion            |       |     1 ||     1
  Eat: Chunk             |    16 |     3 ||    19
Armor: Animal skin       |   102 |    49 ||   151
Dodge: Dodged            |   107 |    60 ||   167

Table legend:
 A = Non-vault XP
 B = Vault XP
 C = Vault XP percentage of total XP
 D = Non-vault monster count
 E = Vault monster count
 F = Vault count percentage of total count
                 A         B        C        D         E       F
            +---------+---------+-------+---------+---------+-------
      Total |     128 |      19 |  12.9 |      46 |      10 |  17.9
            +---------+---------+-------+---------+---------+-------
        D:1 |      44 |       0 |   0.0 |      28 |       0 |   0.0
        D:2 |      84 |      19 |  18.4 |      18 |      10 |  35.7
            +---------+---------+-------+---------+---------+-------
